[Event "Early-Titled-Tuesday-Blitz-February-20-2024"]
[Site "Chess.com"]
[Date "2024.02.20"]
[Round "7"]
[White "LeninGuerra"]
[Black "NastyaHn"]
[Result "1-0"]
[WhiteElo "2566"]
[BlackElo "2431"]
[TimeControl "180+1"]
[EndTime "9:21:01 PST"]
[Termination "LeninGuerra won by resignation"]

1. e4 e6 2. d4 d5 3. Nd2 c5 4. exd5 Qxd5 5. Ngf3 cxd4 6. Bc4 Qd7 7.
Nb3 Nc6 8. Qe2 a6 9. Bg5 Bb4+ 10.
c3 dxc3 11. O-O Be7 12. Rad1 Qc7 13. bxc3 h6 14. Bh4 Bxh4 15. Nxh4 Nge7 16. Bd3 O-O 17. Qh5 Qe5 18. Qf3 Qf6 19. Qxf6 gxf6 20. Nc5 f5 21.
Rb1 Kg7 22. Nxb7 Bxb7 23. Rxb7 Nd5 24. Bc4 Nf4 25. g3 Na5 26. Rb4 Nxc4 27. Rxc4 Nd5 28. Rd1 Rfc8 29. Rxc8 Rxc8 30. Nxf5+ exf5 31. Rxd5 Rxc3 32. Ra5 Rc6 33. Rxf5 Kg6 34. Ra5 Rd6 35. Kg2 Re6 36. h4 h5 37. f3 Rb6 38. g4 hxg4 39. fxg4 Kg7 40. Kg3 Rd6 41. h5 Rd3+ 42. Kh4 Rd6 43. Kg5 Re6 44. Kf5 Rf6+ 45. Kg5 Rd6 46. a4 Re6 47. Rd5 Rb6 48. a5 Rc6 49. Kh4 Re6 50. Rc5 Rd6 51. g5 Rd4+ 52. Kg3 Ra4 53. Kf3 Ra3+ 54. Kf4 Ra4+ 55. Kf5 Rb4 56. g6 fxg6+ 57. hxg6 Rb1 58. Rc7+ Kg8 59. Ra7 Rf1+ 60. Ke4 Rf6 61. g7 Rh6 62. Kd4 Rh4+ 63. Kc5 Rh5+ 64. Kb6 Rh6+ 65. Kb7 Kxg7 66. Rxa6 Rh1 67. Rb6 Kf7 68. a6 Ke7 69. a7 1-0

[Event "Early-Titled-Tuesday-Blitz-February-20-2024"]
[Site "Chess.com"]
[Date "2024.02.20"]
[Round "7"]
[White "AlexTruskavetsky"]
[Black "Grandelicious"]
[Result "0-1"]
[WhiteElo "2726"]
[BlackElo "2897"]
[TimeControl "180+1"]
[EndTime "9:21:03 PST"]
[Termination "Grandelicious won by checkmate"]

1. d4 Nf6 2. c4 d6 3. Nc3 g6 4. e4 Bg7 5. f4 O-O 6. Nf3 Bg4 7.
Be3 c5 8. d5 e6 9. dxe6 Bxe6 10. Be2 Ng4 11. Bd2 Nc6 12. h3 Nf6 13. O-O Re8 14. Bd3 Nb4 15. Be2 Nh5 16. a3 Nc6 17.
Be3 Ng3 18. Re1 Bxc3 19. bxc3 Nxe4 20. Bd3 f5 21. Qc2 Bf7 22. Bxe4 Rxe4 23. Ng5 Re8 24. Bf2 Qf6 25. Qd3 h6 26. Nxf7 Kxf7 27. Reb1 Re7 28.
Rd1 Rd8 29. Rab1 Rdd7 30. Rd2 Re4 31. Bxc5 Na5 32. Bd4 Qe6 33. Rb4 b6 34. Rf2 Rc7 35. Rb1 Nxc4 36. a4 Re1+ 37. Rxe1 Qxe1+ 38. Kh2 Qe4 39. Qxe4 fxe4 40. f5 g5 41. Re2 d5 42.
g4 Na5 43. h4 Nc6 44. Be3 Ne5 45.
hxg5 hxg5 46. Bxg5 Rxc3 47. Kg2 Nxg4 48. Rd2 Nf6 49. Bxf6 Kxf6 50. Rxd5 Ra3 51. Kf2 Rf3+ 52. Ke2 Rxf5 53. Rd7 Ra5 54. Rd4 Ke5 55. Rb4 Rc5 56. Ke3 Rc3+ 57. Kd2 Rd3+ 58. Ke2 Kd5 59. Rb5+ Kc6 60.
Re5 Rd4 61. a5 Ra4 62. axb6 axb6 63. Ke3 Kb7 64. Rxe4 Rxe4+ 65. Kxe4 Ka6 66. Kd3 Kb5 67. Kc3 Ka4 68. Kc2 Ka3 69. Kb1 b5 70. Ka1 Kb3 71. Kb1 b4 72. Ka1 Kc2 73. Ka2 b3+ 74.
Ka3 b2 75. Ka4 b1=Q 76. Ka5 Qb7 77. Ka4 Qb6 78. Ka3 Qa5# 0-1

[Event "Early-Titled-Tuesday-Blitz-February-20-2024"]
[Site "Chess.com"]
[Date "2024.02.20"]
[Round "7"]
[White "vovachesss"]
[Black "Mikasinski"]
[Result "1/2-1/2"]
[WhiteElo "2809"]
[BlackElo "2641"]
[TimeControl "180+1"]
[EndTime "9:21:06 PST"]
[Termination "Game drawn by repetition"]

1. Nf3 Nf6 2. g3 g6 3. Bg2 Bg7 4. b3 O-O 5. Bb2 d6 6. d4 e5 7. dxe5 Nfd7 8. c4 dxe5 9. Nc3 e4 10. Nd4 e3 11. fxe3 Ne5 12. O-O Ng4 13. Nc2 Qg5 14. Qd2 Rd8 15. Qc1 c6 16. Ne4 Qh6 17.
h3 Bxb2 18. Qxb2 Nxe3 19. Nf6+ Kf8 20. Qc1 Nf5 21. Qa3+ Kg7 22. Qb2 Kf8 23. Rad1 Rxd1 24. Rxd1 Be6 25. Rd8+ Ke7 26. Ng8+ Kxd8 27. Nxh6 Nxh6 28.
g4 Ng8 29. Qh8 f6 30. Nd4 Bf7 31. Qxh7 Ke7 32. g5 Nd7 33. Be4 Nf8 34. Qh4 Rd8 35. gxf6+ Nxf6 36. Nf3 Ne6 37. Bd3 g5 38. Qg3 Rg8 39.
Kf1 g4 40. hxg4 Nxg4 41. Qh4+ Nf6 42. Ne5 Be8 43. c5 Rg5 44. Nf3 Rxc5 45. Bc4 Rh5 46.
Qg3 Ne4 47. Qg2 Rh1+ 48. Qxh1 Ng3+ 49. Kg2 Nxh1 50. Kxh1 Nf4 51. Kh2 b5 52. Bd3 Kd6 53. Kg3 Nxd3 54. exd3 Kc5 55. a3 Bf7 56. b4+ Kd5 57.
Kf4 c5 58. Ne5 Be8 59. bxc5 Kxc5 60. Ke3 a5 61. d4+ Kd5 62. Kd3 Bh5 63. Kc3 Bd1 64. Nd3 Bf3 65. Ne1 Be4 66. Nd3 Bxd3 67. Kxd3 b4 68.
axb4 axb4 69. Kc2 Kxd4 70. Kb3 Kc5 71. Kb2 Kc4 72. Kc2 Kb5 73. Kb3 Ka5 74. Kb2 Ka4 75.
Ka2 b3+ 76. Kb2 Kb4 77. Kb1 Ka3 78. Ka1 Ka4 79. Kb2 Kb4 80. Kb1 Kc4 81. Kb2 Kb4 1/2-1/2

[Event "Early-Titled-Tuesday-Blitz-February-20-2024"]
[Site "Chess.com"]
[Date "2024.02.20"]
[Round "7"]
[White "SirStrateg"]
[Black "AlexeiShirov"]
[Result "0-1"]
[WhiteElo "2649"]
[BlackElo "2840"]
[TimeControl "180+1"]
[EndTime "9:21:08 PST"]
[Termination "AlexeiShirov won by resignation"]

1. d4 d5 2. Bf4 Nf6 3. e3 c5 4. c3 Nc6 5. Nd2 Qb6 6. Qb3 c4 7. Qc2 g6 8. e4 Nxe4 9. Nxe4 Bf5 10. f3 dxe4 11. fxe4 Bg4 12. h3 e5 13. hxg4 exf4 14.
Bxc4 Rc8 15. Qb3 Qc7 16. Nf3 Bg7 17. Ng5 O-O 18. Nxh7 Na5 19. Bxf7+ Rxf7 20. Qe6 Qc6 21. Qxc6 Rxc6 22. Ng5 Re7 23. e5 Bxe5 24. O-O-O Bf6 25.
Nf3 Nc4 26. g5 Bg7 27. Rde1 Ne3 28. g3 fxg3 29. Rhg1 g2 30. Rxg2 Nf5 31. Rxe7 Nxe7 32. Re2 Kf7 33. Kd2 Re6 34. Rf2 Nf5 35. Nh4 Rb6 36. b3 Rb5 37. a4 Rxb3 38. Kc2 Rb6 39. Nxf5 gxf5 40. Rxf5+ Kg6 41. Ra5 a6 42. Kd3 Bf8 43.
Rd5 Rd6 44. Ke4 Re6+ 45. Kd3 Bd6 46. c4 Bf4 47. Rd7 Re3+ 48. Kc2 b6 49. Rb7 Re6 50. d5 Rd6 51. a5 Be3 52. axb6 Bxb6 53. Kd3 Kxg5 54.
Ke4 Kf6 55. Rb8 Bc5 56. Rc8 Bg1 57. c5 Rd7 58. Rc6+ Ke7 59. Re6+ Kd8 60. c6 Re7 61.
Kf5 Rxe6 62. Kxe6 Kc7 63. d6+ Kxc6 64. d7 Bb6 65. Ke7 a5 0-1

[Event "Early-Titled-Tuesday-Blitz-February-20-2024"]
[Site "Chess.com"]
[Date "2024.02.20"]
[Round "7"]
[White "secrethawk1"]
[Black "masnyszachistaaa"]
[Result "0-1"]
[WhiteElo "2461"]
[BlackElo "2580"]
[TimeControl "180+1"]
[EndTime "9:21:08 PST"]
[Termination "masnyszachistaaa won by checkmate"]

1. d4 f5 2. c4 Nf6 3. Nc3 e6 4. g3 Bb4 5. Bg2 Bxc3+ 6. bxc3 O-O 7. Nf3 d6 8. O-O Nc6 9. Bg5 h6 10. Bxf6 Qxf6 11. e3 e5 12. Nd2 Bd7 13. Rb1 Rab8 14. Nb3 Rfd8 15. c5 Ne7 16. Na5 b6 17. cxd6 cxd6 18. Nc4 Rbc8 19. Qd3 Be6 20. Nd2 Rd7 21. c4 Rdc7 22. Rfc1 Qf7 23. d5 Bd7 24. Qa3 Qf6 25.
Bf1 Be8 26. Bd3 Bg6 27. f4 exf4 28. gxf4 Bh5 29. Kh1 Ng6 30. Rg1 Nh4 31. Rbf1 Re8 32.
Rg3 Kh8 33. Rfg1 g6 34. Qa4 Ree7 35. Qb4 Bg4 36. h3 Bh5 37. Nb3 Rc8 38. Nd4 Rce8 39. Ne6 Rxe6 40. dxe6 Rxe6 41. Qd2 Nf3 42. Rxf3 Bxf3+ 43. Kh2 Kh7 44. Qf2 Bc6 45. Rg3 Qc3 46. Be2 Qc2 47.
Rg1 Qe4 48. Qg3 Qxe3 49. Qxe3 Rxe3 50. Bf1 Rf3 51. Bg2 Rf2 52. Kg3 Rxg2+ 53. Rxg2 Bxg2 54. Kxg2 g5 55. Kf3 Kg6 56. Ke3 Kf6 57. fxg5+ hxg5 58. Kd4 Ke6 59. a4 a6 60. Kd3 Ke5 61. Ke3 d5 62. cxd5 Kxd5 63. h4 gxh4 64. Kf4 h3 65. Kg3 Ke4 66.
Kxh3 Ke3 67. Kh4 f4 68. Kg5 f3 69. Kf6 f2 70. Ke6 f1=Q 71. Kd6 Qf6+ 72. Kc7 Kd4 73. Kb7 Kc5 74. Kb8 Qe7 75. Ka8 Kc6 76. Kb8 Qb7# 0-1

[Event "Early-Titled-Tuesday-Blitz-February-20-2024"]
[Site "Chess.com"]
[Date "2024.02.20"]
[Round "7"]
[White "ATM622"]
[Black "ZuraTqebuchava"]
[Result "0-1"]
[WhiteElo "2481"]
[BlackElo "2285"]
[TimeControl "180+1"]
[EndTime "9:21:10 PST"]
[Termination "ZuraTqebuchava won by resignation"]

1. d4 g6 2. c4 Bg7 3. Nf3 d6 4. g3 Bg4 5. Bg2 c6 6. O-O Nf6 7. Nc3 O-O 8. e4 Bxf3 9. Bxf3 e5 10. dxe5 dxe5 11. Be3 Qxd1 12. Rfxd1 Nbd7 13. b4 Rfe8 14. b5 Bf8 15. Rab1 Nc5 16. Bg5 Kg7 17. bxc6 bxc6 18.
Be3 Rab8 19. Kg2 Ne6 20. Bxa7 Ra8 21. Be3 Ra3 22. Rb3 Ra5 23. Bb6 Ra6 24. Be3 Bc5 25.
Bxc5 Nxc5 26. Rb2 Ra3 27. Nb1 Ra4 28. Rd6 Rc8 29. Rb6 Rxa2 30. Nc3 Rc2 31. Rbxc6 Rxc6 32. Rxc6 Nd3 33. Be2 Rxc3 34. Rd6 Nc5 35. Rc6 Ncxe4 36. Bf3 Nd2 37. Be2 Nb3 38. Rb6 Nd4 39. Bd1 Rxc4 40. Rb7 Rc1 41. Ba4 h5 42. h4 Ra1 43. Bc2 Nxc2 44. Re7 Ra5 45. Kf3 Nd4+ 46. Kg2 Ra2 47.
Rxe5 Ne6 48. Rb5 Ng4 49. Rb3 Rxf2+ 50. Kg1 Rc2 51. Ra3 Nd4 52. Rd3 Rd2 53. Rxd2 Nf3+ 54.
Kg2 Nxd2 55. Kh3 Nc4 56. Kg2 Nce5 57. Kh3 Kf6 58. Kg2 Nd7 59. Kh3 Kf5 60. Kg2 Ke4 61. Kh3 Ke3 62. Kg2 Nge5 63. Kh3 f6 64. Kg2 Nc5 65.
Kh3 Ne4 66. Kg2 Nxg3 67. Kxg3 Nf3 68. Kh3 Nxh4 69. Kxh4 Kf4 70. Kh3 g5 71. Kh2 g4 72.
Kg2 g3 73. Kh3 Kf3 74. Kh4 g2 75. Kxh5 g1=Q 76. Kh6 Qg8 77. Kh5 Kf4 78. Kh6 Kf5 0-1

[Event "Early-Titled-Tuesday-Blitz-February-20-2024"]
[Site "Chess.com"]
[Date "2024.02.20"]
[Round "7"]
[White "Ordekalog"]
[Black "Lukianoo"]
[Result "0-1"]
[WhiteElo "2627"]
[BlackElo "2910"]
[TimeControl "180+1"]
[EndTime "9:21:11 PST"]
[Termination "Lukianoo won on time"]

1. e4 c6 2. d4 d5 3. Nd2 g6 4. Ngf3 Bg7 5. c3 Nh6 6. h3 O-O 7. Bd3 f6 8. O-O Nf7 9. Re1 e5 10. Nf1 dxe4 11. Bxe4 f5 12. Bc2 e4 13. N3d2 Nd7 14.
f3 exf3 15. Nxf3 c5 16. Bb3 Kh8 17. dxc5 Nxc5 18. Qxd8 Nxd8 19. Bc2 f4 20. Bd2 Nc6 21. Rad1 Bf5 22. Bxf5 Rxf5 23. Bc1 a5 24. N1h2 g5 25. h4 h6 26. hxg5 hxg5 27. Ng4 a4 28. c4 Kh7 29.
Rd5 Rxd5 30. cxd5 Nb4 31. Nxg5+ Kg6 32. Ne6 Nxd5 33. Nxg7 Kxg7 34. Re5 Rd8 35. Rg5+ Kf7 36. Bxf4 Ne4 37. Re5 Nc5 38. Bg3 Nd3 39. Rf5+ Ke6 40. Rf3 Nxb2 41. Bh4 Rg8 42. Ne3 Nc3 43. Nf5 Ne4 44.
Nd4+ Kd5 45. Nf5 Rg4 46. Ne3+ Kd4 47. Nxg4 Nc4 48. Rf4 Kd3 49. Rf3+ Kc2 50. Nf2 Ned2 51. Rf4 Kb2 52. Rd4 Kxa2 53. Ne4 Nxe4 54. Rxe4 Kb3 55.
Bf6 a3 56. Rf4 a2 57. Rf3+ Ka4 58. Rf4 Kb3 59. Rf3+ Ka4 60. Rf2 Kb3 61. Rf1 b5 62. Ba1 Kc2 63. g4 Ne3 64. g5 Nxf1 65. Kxf1 Kb1 66.
Be5 b4 67. g6 b3 68. g7 b2 69. Bxb2 a1=Q 70. g8=Q Kxb2+ 71. Ke2 Qa2 72. Ke3 Qxg8 0-1

[Event "Early-Titled-Tuesday-Blitz-February-20-2024"]
[Site "Chess.com"]
[Date "2024.02.20"]
[Round "7"]
[White "mortngabriel"]
[Black "AsaHoffmann"]
[Result "0-1"]
[WhiteElo "2523"]
[BlackElo "2372"]
[TimeControl "180+1"]
[EndTime "9:21:23 PST"]
[Termination "AsaHoffmann won by resignation"]

1. e4 d6 2. d4 Nf6 3. Bd3 e5 4. dxe5 dxe5 5. h3 Nc6 6. Nf3 Bc5 7. O-O O-O 8. Bc4 Qe7 9. Re1 Be6 10. Bxe6 Qxe6 11.
c3 h6 12. Qc2 Rfd8 13. Nbd2 Ne7 14. Qb3 Qxb3 15. Nxb3 Bd6 16. Nh2 Ng6 17. g3 a5 18.
a4 Ra6 19. Ng4 Nxg4 20. hxg4 Be7 21. Be3 Raa8 22. Red1 b6 23. Kf1 Nf8 24. Ke2 Ne6 25. f3 Bg5 26. Bf2 Kf8 27. Rxd8+ Rxd8 28. Rd1 Rxd1 29. Kxd1 Ke8 30. Kc2 Kd7 31. Kd3 Kc6 32.
Na1 Be7 33. Nc2 Bc5 34. Be1 Kd7 35. b4 Bd6 36. Kc4 Kc6 37. Bf2 Ng5 38. Ne1 Be7 39.
Be3 Ne6 40. Nd3 f6 41. Nc1 Nd8 42. Nb3 axb4 43. cxb4 Nf7 44. Nc1 Nd6+ 45. Kb3 Kb7 46. Ne2 c6 47. Nc3 Ne8 48. Nd1 Nc7 49. Nf2 Ne6 50.
Nd3 Bd8 51. Kc4 Kc7 52. a5 bxa5 53. bxa5 Kb7 54. Nc5+ Nxc5 55. Bxc5 Bxa5 56. Bf8 Be1 57. Bxg7 Bxg3 58. Bxf6 Bf4 59. Kc5 Kc7 60. Bg7 Be3+ 61.
Kc4 Bf4 62. Bf8 Kd7 63. Bb4 Bg5 64. Bc3 Bf4 65. Be1 Bh2 66. Bh4 Bf4 67. Bf6 Bg3 68. Bg7 Bf4 69. Bf8 Kc7 70. Bb4 Kb6 71.
Be1 Kc7 72. Bf2 Kd7 73. Kc5 Bg5 74. Bg3 Be7+ 75. Kc4 Bd6 76. Kd3 Ke6 77. Ke3 Kf6 78.
Kd3 Kg6 79. Bh4 h5 80. Kc4 hxg4 81. fxg4 Ba3 82. Kd3 Bb2 83. Ke2 Bc1 84. Kf3 c5 85.
Be1 c4 86. Bg3 c3 87. Ke2 Bf4 88. Bxf4 exf4 89. Kd3 f3 90. Kxc3 f2 0-1

[Event "Early-Titled-Tuesday-Blitz-February-20-2024"]
[Site "Chess.com"]
[Date "2024.02.20"]
[Round "7"]
[White "DreamsAreFake"]
[Black "Anton_Demchenko"]
[Result "1/2-1/2"]
[WhiteElo "2770"]
[BlackElo "2910"]
[TimeControl "180+1"]
[EndTime "9:21:46 PST"]
[Termination "Game drawn by stalemate"]

1. Nf3 Nf6 2. g3 g6 3. Bg2 Bg7 4. O-O O-O 5. d4 d6 6. c3 Nbd7 7. Nbd2 Re8 8. e4 e5 9. Qe2 b6 10. a4 a6 11. dxe5 dxe5 12. Nc4 Bb7 13. Nfd2 Nc5 14.
b4 Qd3 15. Re1 Qxe2 16. Rxe2 Nd3 17. Ne3 Rad8 18. Ba3 Bh6 19. Ra2 b5 20. a5 Rd6 21.
c4 bxc4 22. Ndxc4 Rd4 23. f3 Bc6 24. Bb2 Nxb2 25. Rexb2 Bb5 26. Bf1 Red8 27. Kf2 Bf8 28. Nxe5 Bxf1 29. Nxf1 Rxb4 30. Rc2 Rb5 31. Nc6 Rd3 32.
Ke2 Rd6 33. Rc4 Nd7 34. Rac2 Rb1 35. f4 Rdd1 36. Ne3 Rh1 37. Kf3 Rb3 38. Nd4 Ra3 39. R2c3 Rxc3 40. Rxc3 Nc5 41. Nd5 Rxh2 42. Nxc7 h5 43.
Nd5 h4 44. Kg4 h3 45. Nf6+ Kg7 46. e5 Rh1 47. Nf3 h2 48. Kh3 Ne6 49. Nxh2 Bc5 50. Kg2 Rg1+ 51. Kh3 Rh1 52. Kg2 Rg1+ 53. Kf3 Ra1 54.
Nhg4 Rxa5 55. Rb3 Ra3 56. Rxa3 Bxa3 57. Ne3 a5 58. Nc4 Bb4 59. Nd5 Kf8 60. g4 Nc5 61. Ndb6 Nb7 62. Ke4 Be7 63. Kd5 Bd8 64. Na4 Be7 65. Kc6 Nd8+ 66. Kd5 Ne6 67. Ke4 Nc5+ 68. Nxc5 Bxc5 69. Nxa5 Kg7 70. Nb3 Bb4 71. Nd4 Kf8 72.
Nc6 Bc5 73. Kd5 Be3 74. f5 gxf5 75. gxf5 Bf4 76. Na5 Bh2 77. Nb7 Ke7 78. Nd6 Bg3 79.
Ne4 Bh2 80. Ng5 Bxe5 81. Kxe5 f6+ 82. Kf4 fxg5+ 83. Kxg5 Kf7 84. f6 Kf8 85. Kg6 Kg8 86. f7+ Kf8 87. Kf6 1/2-1/2

[Event "Early-Titled-Tuesday-Blitz-February-20-2024"]
[Site "Chess.com"]
[Date "2024.02.20"]
[Round "7"]
[White "Yushko_Olga"]
[Black "The_Straightforward_Rook"]
[Result "1/2-1/2"]
[WhiteElo "2197"]
[BlackElo "2443"]
[TimeControl "180+1"]
[EndTime "9:21:51 PST"]
[Termination "Game drawn by repetition"]

1. d4 d5 2. c4 c6 3. cxd5 cxd5 4.
Nc3 Nf6 5. Nf3 Nc6 6. Bg5 Ne4 7. Bh4 Bf5 8. e3 Qa5 9. Qb3 Qb4 10. Qxb4 Nxb4 11. Bb5+ Kd8 12. O-O f6 13. a3 Nxc3 14. bxc3 Nc6 15. c4 e6 16. cxd5 exd5 17. Rfc1 Rc8 18. h3 Bd6 19. g4 Be6 20. g5 Ke7 21. a4 Bxh3 22. Rab1 Rc7 23. Rb3 Bd7 24. Bd3 Nxd4 25. Rxc7 Nxf3+ 26. Kf1 Bxc7 27. gxf6+ gxf6 28. Rxb7 Nxh4 29. Rxc7 Kd6 30. Rxa7 Bf5 31. Ra6+ Kc5 32. Ra5+ Kb4 33. Rxd5 Bxd3+ 34. Rxd3 Nf3 35. Rd6 Kxa4 36. Rxf6 Ne5 37. Rb6 h5 38. Kg2 Ka5 39. Rb7 Ka6 40. Rb4 Nd7 41. Kh3 Nb6 42. Kh4 Kb7 43. Rf4 Kc6 44.
Rf5 Kd6 45. e4 Nd7 46. f4 Ke6 47. Rg5 Nf6 48. e5 Nd5 49. Rxh5 Rg8 50. Rg5 Rf8 51.
Rg6+ Kf5 52. Rg7 Kxf4 53. Kh5 Kxe5 54. Rg5+ Ke6 55. Rg6+ Nf6+ 56. Kh4 Kf5 57. Rg7 Ne4 58. Kh3 Kf4 59. Kg2 Ra8 60. Rf7+ Ke3 61. Rf3+ Kd4 62. Kh3 Rg8 63. Ra3 Ke5 64. Ra5+ Kf4 65. Ra7 Nd2 66. Ra4+ Ke3 67. Ra3+ Kf2 68. Ra2 Kf3 69. Ra3+ Kf4 70. Ra4+ Ne4 71. Kh2 Rg7 72. Rb4 Rg6 73. Ra4 Kf3 74.
Ra3+ Kf2 75. Ra2+ Kf1 76. Ra1+ Ke2 77. Ra2+ Nd2 78. Rb2 Ke3 79. Ra2 Nf3+ 80. Kh3 Kf4 81. Ra4+ Ke5 82. Ra5+ Ke4 83. Ra4+ Nd4 84. Kh2 Kf4 85. Rxd4+ Kf3 86. Rd3+ Kf4 87. Rd4+ Kf3 88. Rd3+ Kf4 89. Rd4+ 1/2-1/2

[Event "Early-Titled-Tuesday-Blitz-February-20-2024"]
[Site "Chess.com"]
[Date "2024.02.20"]
[Round "7"]
[White "ActorXu"]
[Black "mishanick"]
[Result "1-0"]
[WhiteElo "2833"]
[BlackElo "3032"]
[TimeControl "180+1"]
[EndTime "9:21:56 PST"]
[Termination "ActorXu won by resignation"]

1. e4 c5 2. Nf3 e6 3. d4 cxd4 4.
Nxd4 Nc6 5. Nc3 a6 6. Nxc6 bxc6 7. Bd3 d5 8. O-O Nf6 9. Qe2 Be7 10. b3 O-O 11. Bb2 a5 12. Na4 c5 13. c4 dxe4 14. Bxe4 Nxe4 15. Qxe4 Ra7 16. Rad1 Bd7 17. Nxc5 Bxc5 18. Qe5 Bxf2+ 19. Rxf2 f6 20. Qc5 Qa8 21.
Rfd2 Rf7 22. Rd6 h6 23. Qb6 Rb7 24. Qe3 e5 25. c5 Rc7 26. c6 Be8 27. Qf3 Rc8 28. Rc1 Rfc7 29. Qd5+ Kh8 30. Qe6 Rxc6 31. Rdxc6 Bxc6 32. h3 Qb7 33. Kh2 Bd7 34. Rxc8+ Qxc8 35. Qe7 Bc6 36. Ba3 Qf5 37. Qd8+ Kh7 38. Qd2 Qe4 39. Bf8 h5 40. Qf2 h4 41. Bc5 g5 42. Bb6 Kg6 43.
Bxa5 f5 44. Be1 f4 45. a4 Bd5 46. a5 Kh5 47. a6 Bxb3 48. a7 Bd5 49. Qf1 Kg6 50.
Qf2 Kf5 51. Qf1 Ba8 52. Qf2 Bb7 53. Qf1 Bc6 54. Qf2 Bd5 55. Qf1 Qc2 56. Qf2 Qxf2 57.
Bxf2 e4 58. Kg1 e3 59. Be1 Ke4 60. Kf1 f3 61. gxf3+ Kxf3 62. Bc3 Kg3 63. Bf6 g4 64.
hxg4 h3 65. Be5+ Kf3 66. Ke1 Kxg4 67. Ke2 Kf5 68. Bh2 Ke4 69. Bg3 Bc6 70. Ke1 Kf3 71. Bc7 Bb7 72. Bd6 Bd5 73. Bc7 Bc6 74. Bd6 Ba8 75.
Bc7 Bd5 76. Bd6 Ke4 77. Ke2 Bc6 78. Ke1 Kd3 79. Bc7 Bf3 80. Bd6 e2 81. Bh2 Bd5 82. Bf4 Ke4 83. Bh2 Ke3 84. Bg1+ Kf4 85. Bh2+ Kf3 86.
Bd6 Be4 87. Bc7 Ke3 88. Bb8 Bf3 89. Be5 Ke4 90. a8=Q+ Kxe5 91. Qxf3 1-0

[Event "Early-Titled-Tuesday-Blitz-February-20-2024"]
[Site "Chess.com"]
[Date "2024.02.20"]
[Round "7"]
[White "Byniolus"]
[Black "vladgoncharov"]
[Result "1/2-1/2"]
[WhiteElo "2826"]
[BlackElo "2654"]
[TimeControl "180+1"]
[EndTime "9:21:56 PST"]
[Termination "Game drawn by repetition"]

1. d4 Nf6 2. Nf3 e6 3. Bf4 b6 4. e3 Bb7 5. h3 Bd6 6. Bxd6 cxd6 7. Be2 O-O 8. O-O d5 9. Nbd2 Qe7 10. c4 dxc4 11. Nxc4 Rc8 12. Rc1 Nc6 13. Qb3 Rc7 14. Qa3 Rac8 15. Ra1 Nb4 16. b3 Qf8 17. Rac1 Ba6 18.
Qb2 d5 19. a3 dxc4 20. axb4 c3 21. Qa2 Bxe2 22. Qxe2 Qxb4 23. Qc2 Nd5 24. Ra1 a5 25. Ne5 Qb5 26. Nd3 Nb4 27. Nxb4 Qxb4 28. Rfc1 Qb5 29. Ra2 e5 30. Rd1 exd4 31. Rxd4 g6 32. Ra1 Qf5 33. Qxf5 gxf5 34. Rc1 c2 35. Kf1 Rc3 36. b4 a4 37. b5 a3 38. Ra4 Rb3 39. Ke2 Rb2 40.
Rxa3 Rb1 41. Kd2 Rd8+ 42. Kxc2 Rxb5 43. Rc3 Ra8 44. Kd3 Ra2 45. R1c2 Ra4 46. Ke2 Kg7 47.
Kf3 Kg6 48. g3 f6 49. Rc8 h5 50. R2c7 f4 51. gxf4 Rb2 52. Rg8+ Kf5 53. Rh7 Raa2 54. Rxh5+ Ke6 55. f5+ Kd5 56. Rd8+ Kc5 57. Rh7 Rxf2+ 58.
Kg4 Ra4+ 59. Kg3 Rxf5 60. Rc8+ Kb5 61. h4 Re5 62. Rc3 Rae4 63. Kf3 Kb4 64. Rd3 b5 65. Rd4+ Rxd4 66. exd4 Rf5+ 67. Ke4 Rf1 68. d5 Kc5 69.
Rc7+ Kd6 70. Rc6+ Kd7 71. Rb6 Rh1 72. Kf5 Rxh4 73. Kxf6 b4 74. Ke5 Rh5+ 75. Kd4 b3 76.
Kc5 Rh1 77. Rb7+ Kc8 78. Rxb3 Rh6 79. Rg3 Kd7 80. Rg7+ Kd8 81. Ra7 Kc8 82. Rf7 Kd8 83. Rf3 Kd7 84. Ra3 Kd8 85. Ra7 Kc8 86. Kd4 Kd8 87.
Ke5 Ke8 88. Rc7 Kd8 89. Rg7 Ke8 90. Rg4 Kd7 91. Kd4 Kd8 92. Kc5 Kd7 93. Ra4 Kd8 94. Ra7 1/2-1/2

[Event "Early-Titled-Tuesday-Blitz-February-20-2024"]
[Site "Chess.com"]
[Date "2024.02.20"]
[Round "7"]
[White "nicolasbatista3"]
[Black "le-castor-faineant"]
[Result "1/2-1/2"]
[WhiteElo "2403"]
[BlackElo "2282"]
[TimeControl "180+1"]
[EndTime "9:21:58 PST"]
[Termination "Game drawn by repetition"]

1. d4 Nf6 2. c4 g6 3. Nc3 Bg7 4. e4 d6 5. h3 Nbd7 6. Be3 e5 7.
d5 O-O 8. g4 Ne8 9. Nge2 f5 10.
gxf5 gxf5 11. exf5 Rxf5 12. Ng3 Rf8 13. Bd3 Ndf6 14.
Rg1 Kh8 15. Nh5 Nxh5 16. Qxh5 Nf6 17. Qh4 e4 18. Nxe4 Nxe4 19. Qxd8 Rxd8 20. Bxe4 Bxb2 21.
Rb1 Bc3+ 22. Ke2 b6 23. Kd3 Bf6 24. h4 Bd7 25. h5 Rg8 26. Rg3 Rxg3 27. fxg3 Bg4 28.
Rf1 Rf8 29. Bh6 Rf7 30. Bg6 hxg6 31. hxg6 Rg7 32. Rxf6 Rxg6 33. Rf8+ Kh7 34. Bf4 Rg7 35. Rb8 a5 36. Rb7 Bf5+ 37. Kd2 Kg6 38. a3 Rf7 39.
Ke3 Re7+ 40. Kd2 Rf7 41. Kc3 Bc8 42. Ra7 Bf5 43. Kd4 Bg4 44. Kd3 Bh3 45. Kc3 Bg4 46.
Kb3 Bd1+ 47. Kc3 Bg4 48. Kd4 Bh3 49. Be3 Bg4 50. Bf4 Bh3 51. Ra8 Bg4 52. Rg8+ Rg7 53. Rxg7+ Kxg7 54. Bg5 Bd7 55. Bd8 c6 56. dxc6 Bxc6 57.
Bxb6 a4 58. Kc3 Kf7 59. Kb4 Ke6 60. Be3 d5 61. Bf4 dxc4 62. Kxc4 Bd5+ 63. Kb5 Bb3 64. Kb4 Kf5 65. Bb8 Kg4 66. Kc3 Bd1 67. Kd2 Bb3 68. Bc7 Bd5 69. Ke3 Bb3 70. Kd4 Bg8 71. Ke5 Bb3 72. Kd4 Bc2 73. Kc3 Bb3 74. Bf4 Bd1 75. Kb2 Bb3 76. Kc1 Bc4 77. Kc2 Bb3+ 78. Kc3 Bd1 79.
Kd2 Bb3 80. Kd3 Be6 81. Kd4 Bb3 82. Kc5 Bd1 83. Kb5 Bb3 84. Kb4 Bd1 85. Kc3 Bb3 86.
Kd2 Bd5 87. Kd3 Bb3 88. Kd4 Bd1 89. Kc5 Bb3 90. Kb5 Bd1 91. Ka5 Bb3 92. Bb8 Bd1 93.
Ka6 Bb3 94. Kb6 Bc2 95. Kc5 Bb3 96. Kd4 Bd1 97. Kd3 Bb3 98. Kd2 Bd5 99. Ke3 Bb3 100. Kd2 Bd5 101. Kc2 Bb3+ 102. Kc3 Bd5 103. Kb4 Bb3 104. Bc7 Bd1 105. Kc3 Bb3 106. Kd2 Bd5 107. Kd3 Bb3 108. Kd4 1/2-1/2

[Event "Early-Titled-Tuesday-Blitz-February-20-2024"]
[Site "Chess.com"]
[Date "2024.02.20"]
[Round "7"]
[White "TokChess"]
[Black "Kildepiotr"]
[Result "0-1"]
[WhiteElo "2540"]
[BlackElo "2679"]
[TimeControl "180+1"]
[EndTime "9:22:02 PST"]
[Termination "Kildepiotr won by checkmate"]

1. d4 c5 2. c3 Nf6 3. Nf3 d5 4.
dxc5 e6 5. Bf4 Bxc5 6. e3 O-O 7. Nbd2 Nc6 8. Be2 Qe7 9. O-O a5 10. a4 h6 11. Ne5 Nxe5 12. Bxe5 Nd7 13. Bg3 f5 14. c4 d4 15. Nb3 dxe3 16. Nxc5 exf2+ 17. Rxf2 Qxc5 18. Bd6 Qe3 19. Bxf8 Nxf8 20. Qd3 Qxd3 21. Bxd3 Bd7 22. b3 Bc6 23. Rd1 Nd7 24. Re1 Nc5 25. Bc2 Rd8 26. Rd1 Rxd1+ 27. Bxd1 Kf7 28. Rd2 Ke7 29.
Bc2 g6 30. g3 e5 31. Kf2 Be4 32. Bd1 g5 33. Ke2 f4 34. gxf4 gxf4 35. Kf1 Bc6 36. h4 e4 37. Rd4 Ke6 38. Rd8 Ke5 39. Ra8 Na6 40. Rh8 f3 41. Rxh6 Kf4 42. h5 Kg5 43. Rh8 Nc5 44. Kf2 Nd3+ 45. Ke3 Ne5 46. Ra8 Ng4+ 47.
Kd4 Kxh5 48. Rxa5+ Kh4 49. Rf5 Kg3 50. b4 e3 51. b5 e2 52. Rxf3+ Bxf3 53. Bxe2 Bxe2 54.
a5 Kf4 55. a6 bxa6 56. bxa6 Bf3 57. Kc5 Ke5 58. Kb6 Kd6 59. c5+ Kd7 60. a7 Ne5 61. Kb5 Kc7 62. Ka5 Ba8 63. Kb5 Nc6 64. Kc4 Nxa7 65.
Kb4 Kc6 66. Kc4 Nb5 67. Kb4 Nc7 68. Kc4 Bb7 69. Kb4 Ne6 70. Kc3 Kd5 71. Kb4 Nxc5 72. Kb5 Nd7 73. Kb4 Ba6 74. Kc3 Bc4 75. Kb4 Kd4 76.
Ka3 Kc3 77. Ka4 Bd3 78. Ka5 Kc4 79. Ka4 Kc5 80. Ka3 Bc4 81. Kb2 Ne5 82. Ka3 Nc6 83. Kb2 Kb4 84. Kc2 Nd4+ 85. Kb2 Bd3 86. Ka1 Kc3 87. Ka2 Nb3 88. Ka3 Bb1 89. Ka4 Nd4 90.
Ka3 Nb5+ 91. Ka4 Kc4 92. Ka5 Kc5 93. Ka4 Bc2+ 94. Ka5 Bb3 95. Ka6 Nd6 96. Ka5 Nb7+ 97.
Ka6 Kc6 98. Ka7 Kc7 99. Ka6 Bc4+ 100. Ka7 Bb5 101. Ka8 Nd6 102. Ka7 Nc8+ 103. Ka8 Bc6# 0-1

[Event "Early-Titled-Tuesday-Blitz-February-20-2024"]
[Site "Chess.com"]
[Date "2024.02.20"]
[Round "7"]
[White "Nemegejas"]
[Black "DenLaz"]
[Result "1/2-1/2"]
[WhiteElo "2811"]
[BlackElo "3028"]
[TimeControl "180+1"]
[EndTime "9:22:06 PST"]
[Termination "Game drawn - insufficient material"]

1. Nf3 d5 2. g3 Nf6 3. Bg2 e6 4. O-O Be7 5. d3 O-O 6. b3 c5 7. Bb2 Nc6 8. Nbd2 Qc7 9. e3 e5 10. c4 d4 11. exd4 cxd4 12. a3 a5 13. Re1 Bf5 14. Qe2 Bd6 15. Ng5 Rfe8 16. Nge4 Nxe4 17. Nxe4 Bf8 18. g4 Bd7 19. c5 Be6 20. Qd1 Rad8 21. Rc1 Qd7 22. h3 Bd5 23. Ng3 Bxg2 24. Kxg2 Ne7 25.
Rxe5 Ng6 26. Rxe8 Rxe8 27. Ne4 Qd5 28. Rc4 Nf4+ 29. Kh2 f5 30. gxf5 Qxf5 31. Qf3 Re6 32. Rxd4 Rh6 33. Ng5 Rf6 34. Re4 Nxd3 35. Bxf6 Qxf3 36.
Nxf3 gxf6 37. b4 axb4 38. axb4 Nxf2 39. Re8 Nd3 40. Nd4 Nxb4 41. Rb8 Na6 42. Rxb7 Nxc5 43. Ra7 Bd6+ 44. Kg2 Be5 45. Nf5 Ne6 46. Kf3 h5 47. h4 Nc5 48. Ke3 Ne6 49. Ke4 Nf4 50. Rb7 Kf8 51.
Ra7 Kg8 52. Nh6+ Kf8 53. Rf7+ Ke8 54. Kf5 Ng2 55. Ke6 Nxh4 56. Ng8 Nf3 57. Nxf6+ Bxf6 58. Kxf6 Nd4 59. Rc7 Kd8 60. Rc5 Nb3 61. Rd5+ Kc7 62.
Ke6 Kc6 63. Ke5 Nc5 64. Rd1 h4 65. Rh1 Nd7+ 66. Kf5 Nc5 67. Rxh4 Kd5 68. Rh8 Nb3 69. Rd8+ Kc4 70. Ke5 Nc5 71. Rc8 Kb4 72. Kd5 Nb3 73. Rb8+ Kc3 74. Rh8 Kb4 75. Rh3 Na5 76. Rh4+ Kc3 77.
Ke4 Nb3 78. Rh3+ Kc4 79. Rh1 Nc5+ 80. Ke5 Nb3 81. Rb1 Kc3 82. Rg1 Kc4 83. Rg3 Nc5 84.
Rg4+ Kc3 85. Kd5 Nd3 86. Rc4+ Kd2 87. Ke4 Nf2+ 88. Kf3 Nd3 89. Rd4 Kc3 90. Ke3 Nb2 91.
Rd8 Nc4+ 92. Ke4 Nd2+ 93. Kd5 Kd3 94. Rh8 Ke3 95. Rh3+ Nf3 96. Rxf3+ Kxf3 1/2-1/2